 Dungeon Crawl Stone Soup version 0.18-a0-1195-g77a4f03 (webtiles) character file.

69006 ololoev the Devastator (level 14, -21/76 HPs)
             Began as a Deep Elf Fire Elementalist on Jan 29, 2016.
             Was the Champion of Sif Muna.
             Killed from afar by a merfolk aquamancer (40 damage)
             ... with a great wave of water
             ... on level 4 of the Shoals.
             The game lasted 01:57:48 (10991 turns).

ololoev the Devastator (DEFE)                      Turns: 10991, Time: 01:57:49

Health: -21/76     AC:  9    Str:  5    XL:     14   Next: 88%
Magic:  36/36      EV: 16    Int: 26    God:    Sif Muna [******]
Gold:   456        SH:  0    Dex: 15    Spells: 8 memorised, 9 levels left

rFire  + . .     SeeInvis .     e - 3 potions of haste
rCold  x . .     Gourm    .     N - +0 steam dragon armour
rNeg   + . .     Faith    .     (no shield)
rPois  +         Spirit   .     t - +2 helmet
rElec  .         Dismiss  .     H - +0 cloak
rCorr  .         Reflect  .     (no gloves)
SustAt .         Harm     .     (no boots)
MR     ++++.     Clarity  +     C - amulet of the Four Winds {rN+ MR+++ Clar}
Stlth  +.........               b - ring of fire
                                i - ring of poison resistance

@: very slightly contaminated, incredibly resistant to hostile enchantments,
very unstealthy
A: no striking features
a: Channel Energy, Forget Spell, Renounce Religion

Inventory:

Armour
 f - a +2 shield
 t - a +2 helmet (worn)
 w - a +2 leather armour of poison resistance
 H - a +0 cloak (worn)
 N - a +0 steam dragon armour (worn)
Magical Staves
 a - an uncursed staff of wizardry
Jewellery
 b - a ring of fire (right hand)
 g - the ring of Beauty {SustAt Str+2}
   (You took it off a merfolk on level 4 of the Shoals)

   [ring of sustain attributes]

   It sustains your strength, intelligence and dexterity.
   It affects your strength (+2).
 i - a ring of poison resistance (left hand)
 s - an uncursed ring of protection from cold
 C - the amulet of the Four Winds (around neck) {rN+ MR+++ Clar}
   (You found it on level 6 of the Dungeon)

   [amulet of nothing]

   It protects you from negative energy.
   It affects your resistance to hostile enchantments.
   It protects you against confusion.
Wands
 m - a wand of digging (6/24)
 y - a wand of hasting (1/9)
Scrolls
 d - 7 scrolls of recharging
 h - 2 scrolls of amnesia
 j - 7 scrolls of remove curse
 k - a scroll of identify
 o - a scroll of enchant armour
 r - 5 scrolls of teleportation
 z - a scroll of fear
 G - 2 scrolls of magic mapping
Potions
 e - 3 potions of haste (in hand)
 p - 4 potions of agility
 q - 6 potions of lignification
 B - 2 potions of brilliance
 F - 3 potions of flight
 I - a potion of heal wounds
 J - a potion of resistance
 M - a potion of invisibility
Books
 v - a book of Fire

   Spells                             Type                      Level
   a - Ignite Poison                  Fire/Transmutation/Poison    3
   b - Fireball                       Conjuration/Fire             5
   c - Bolt of Fire                   Conjuration/Fire             6
   d - Delayed Fireball               Conjuration/Fire             7
   e - Ring of Flames                 Charms/Fire                  7
 x - a book of the Tempests

   Spells                             Type                      Level
   a - Static Discharge               Conjuration/Air              3
   b - Lightning Bolt                 Conjuration/Air              5
   c - Fireball                       Conjuration/Fire             5
   d - Tornado                        Air                          9
   e - Shatter                        Earth                        9
Comestibles
 c - 6 bread rations
 l - 2 chunks of flesh
 K - 6 fruits


   Skills:
 + Level 4.6 Fighting
 - Level 2.7 Armour
 + Level 7.5 Dodging
 - Level 2.4 Stealth
 * Level 16.0 Spellcasting
 * Level 16.2 Conjurations
 * Level 13.7 Fire Magic
 - Level 9.7 Invocations


You had 9 spell levels left.
You knew the following spells:

 Your Spells              Type           Power        Failure   Level  Hunger
a - Bolt of Fire          Conj/Fire      #######...   1%          6    ####...
b - Conjure Flame         Conj/Fire      #######.     0%          3    None
c - Sticky Flame          Conj/Fire      #######.     1%          4    None
d - Fireball              Conj/Fire      #######...   1%          5    None
e - Inner Flame           Hex/Fire       ######..     1%          3    None
f - Orb of Destruction    Conj           #######...   2%          7    #####..
g - Iron Shot             Conj/Erth      ######....   14%         6    ####...
q - Delayed Fireball      Conj/Fire      N/A          4%          7    #####..


You were on level 4 of the Shoals.
You worshipped Sif Muna.
Sif Muna was exalted by your worship.
You were not hungry.

You visited 7 branches of the dungeon, and saw 32 of its levels.
You also visited: Labyrinth.

You collected 1780 gold pieces.
You spent 1324 gold pieces at shops.

........≈≈≈≈≈≈≈≈≈≈≈≈≈≈≈≈(......m.
P.......≈≈≈≈≈≈≈≈≈≈≈≈≈≈≈(..≈≈≈≈...
........≈≈≈≈≈≈≈≈≈≈≈≈≈≈≈≈≈##≈≈≈#..
..≈≈≈...≈≈≈≈≈≈≈≈≈≈≈≈≈≈≈≈≈#######≈
..≈≈[≈≈≈≈≈≈≈≈≈≈≈≈≈≈≈≈≈≈≈##≈##≈≈.#
.≈≈≈≈≈≈≈≈≈≈≈≈≈≈≈≈≈≈≈≈≈≈#.≈≈≈≈≈≈≈#
.≈≈≈≈≈≈≈≈≈≈≈≈≈≈≈≈≈≈≈≈≈≈.#≈≈#≈#≈##
.≈≈≈≈≈≈≈≈≈≈...≈≈≈≈(≈≈≈≈)#≈≈≈≈≈≈≈#
.≈≈≈≈≈≈≈≈≈.###≈≈@≈≈≈≈≈≈.##≈#≈#≈≈#
≈≈≈≈≈≈≈≈≈≈.# #.≈≈≈≈≈≈≈≈##≈≈≈≈≈≈≈#
≈≈≈≈≈≈≈≈≈≈<###.≈≈≈≈≈≈≈≈≈##≈###≈≈#
≈≈≈≈≈≈≈≈≈≈....≈≈≈≈≈≈≈≈≈≈≈###**##≈
≈≈≈≈≈≈≈≈≈≈≈≈≈≈≈≈≈≈m≈≈≈≈≈≈≈≈,,≈≈≈≈
≈≈≈≈≈≈≈≈≈≈≈≈≈≈≈≈≈≈≈≈≈≈≈≈≈≈≈≈,,≈≈≈
≈≈≈≈≈≈≈≈≈≈≈≈≈≈≈≈≈≈≈≈≈≈≈≈≈≈≈≈≈≈≈≈≈
≈≈≈≈≈≈≈≈≈≈≈≈≈≈≈≈≈≈≈≈≈≈≈≈≈≈≈≈≈≈≈≈≈
≈≈≈≈≈≈≈≈≈≈≈≈≈≈≈≈≈≈≈≈≈≈≈≈≈≈≈≈≈≈≈≈≈

Notes
Turn   | Place    | Note
--------------------------------------------------------------
     0 | D:1      | ololoev the Deep Elf Fire Elementalist began the quest for the Orb.
     0 | D:1      | Reached XP level 1. HP: 10/10 MP: 6/6
   179 | D:1      | Reached XP level 2. HP: 13/15 MP: 0/8
   507 | D:2      | Reached XP level 3. HP: 6/19 MP: 1/10
   512 | D:2      | Learned a level 3 spell: Conjure Flame
   562 | D:2      | Found a sacrificial altar of Ru.
   691 | D:4      | Noticed an orc warrior
   698 | D:4      | Learned a level 3 spell: Inner Flame
   706 | D:4      | Reached skill level 4 in Spellcasting
   707 | D:4      | Killed an orc warrior
   707 | D:4      | Reached XP level 4. HP: 22/24 MP: 3/12
   707 | D:4      | Reached XP level 5. HP: 25/28 MP: 3/13
   898 | D:4      | Found a staircase to the Ecumenical Temple.
   905 | D:4      | Noticed Robin
   907 | Temple   | Entered the Ecumenical Temple
   934 | Temple   | Became a worshipper of Sif Muna the Loreminder
  1077 | D:4      | Killed Robin
  1220 | D:3      | Learned a level 4 spell: Sticky Flame
  1290 | D:4      | Found a shimmering altar of Xom.
  1324 | D:4      | Noticed an ogre
  1333 | D:4      | Killed an ogre
  1333 | D:4      | Reached skill level 5 in Spellcasting
  1333 | D:4      | Reached XP level 6. HP: 32/32 MP: 4/15
  1366 | D:4      | Reached skill level 1 in Invocations
  1480 | D:5      | Entered Level 5 of the Dungeon
  1607 | D:5      | Reached skill level 5 in Conjurations
  1607 | D:5      | Reached skill level 5 in Fire Magic
  1639 | D:5      | Found Acaenoc's Magic Scroll Boutique.
  1642 | D:5      | Bought a scroll of identify for 26 gold pieces
  1642 | D:5      | Bought a scroll of identify for 26 gold pieces
  1642 | D:5      | Bought a scroll of noise for 13 gold pieces
  1642 | D:5      | Bought a scroll of teleportation for 39 gold pieces
  1642 | D:5      | Bought a scroll of magic mapping for 45 gold pieces
  1700 | D:5      | Noticed a sky beast
  1717 | D:5      | Killed a sky beast
  1717 | D:5      | Reached XP level 7. HP: 36/36 MP: 14/17
  1750 | D:5      | Reached * piety under Sif Muna
  1807 | D:5      | Noticed Eustachio
  1816 | D:5      | Learned a level 5 spell: Fireball
  1831 | D:5      | Killed Eustachio
  1831 | D:5      | Reached skill level 6 in Spellcasting
  1865 | D:5      | Reached XP level 8. HP: 37/41 MP: 5/19
  1935 | D:5      | Reached skill level 7 in Conjurations
  2069 | D:5      | Reached ** piety under Sif Muna
  2242 | D:6      | Noticed Edmund
  2265 | D:6      | Killed Edmund
  2423 | D:6      | Noticed Sigmund
  2436 | D:6      | Killed Sigmund
  2492 | D:7      | Reached skill level 8 in Conjurations
  2520 | D:7      | Reached skill level 5 in Invocations
  2520 | D:7      | Reached XP level 9. HP: 45/45 MP: 3/22
  2631 | D:7      | Reached *** piety under Sif Muna
  2855 | D:8      | Noticed kae's ghost (novice MiFi)
  2871 | D:8      | Noticed Erica
  2916 | D:7      | Reached skill level 9 in Conjurations
  3096 | D:8      | Killed Erica
  3096 | D:8      | Reached **** piety under Sif Muna
  3271 | D:8      | Killed kae's ghost
  3271 | D:8      | Reached skill level 10 in Conjurations
  3271 | D:8      | Reached XP level 10. HP: 50/50 MP: 1/25
  3332 | D:8      | Noticed Pikel
  3354 | D:8      | Killed Pikel
  3354 | D:8      | Reached ***** piety under Sif Muna
  3449 | D:10     | Entered Level 10 of the Dungeon
  3712 | D:9      | Found Timaucw's Distillery.
  3733 | D:9      | Bought a potion of ambrosia for 104 gold pieces
  3733 | D:9      | Bought a potion of flight for 39 gold pieces
  3768 | D:10     | Reached skill level 10 in Spellcasting
  3768 | D:10     | Reached skill level 11 in Conjurations
  3953 | D:9      | Noticed Psyche
  3956 | D:9      | Killed Psyche
  4049 | D:9      | Reached XP level 11. HP: 54/54 MP: 13/27
  4094 | D:8      | Found an iron altar of Okawaru.
  4097 | D:8      | Found a basalt altar of Yredelemnul.
  4097 | D:8      | Found a white marble altar of Elyvilon.
  4100 | D:8      | Found a radiant altar of Vehumet.
  4226 | D:8      | Found a snail-covered altar of Cheibriados.
  4508 | D:10     | Found a staircase to the Lair.
  4521 | D:10     | Reached ****** piety under Sif Muna
  4522 | D:10     | Received a gift from Sif Muna
  4607 | D:10     | Reached skill level 12 in Conjurations
  4620 | D:10     | Noticed a five-headed hydra
  4646 | D:10     | Killed a five-headed hydra
  4688 | D:10     | Learned a level 7 spell: Delayed Fireball
  4766 | D:10     | Noticed Urug
  4805 | D:10     | Killed Urug
  4860 | D:11     | Found Retoiq's Food Emporium.
  4897 | D:10     | Noticed a hill giant
  4902 | D:10     | Killed a hill giant
  4931 | D:10     | You fall through a shaft for 3 floors!
  5026 | D:12     | Found a labyrinth entrance.
  5035 | Lab      | Entered a labyrinth
  5604 | Lab      | Noticed a minotaur
  5611 | Lab      | Killed a minotaur
  5710 | D:11     | Found a staircase to the Orcish Mines.
  5710 | D:11     | Found Jaufreunass's Weapon Emporium.
  5716 | D:11     | Reached skill level 10 in Fire Magic
  5776 | Orc:1    | Entered Level 1 of the Orcish Mines
  5814 | Orc:1    | Found Zohorch's Weapon Shop.
  5966 | Orc:2    | Entered Level 2 of the Orcish Mines
  5984 | Orc:2    | Found Kaqogh's Distillery.
  5985 | Orc:2    | Noticed an ogre mage
  5986 | Orc:2    | Noticed an ogre mage
  5987 | Orc:2    | Noticed an ogre mage
  5989 | Orc:2    | Noticed an ogre mage
  5994 | Orc:2    | Killed an ogre mage
  5994 | Orc:2    | Reached skill level 13 in Conjurations
  5999 | Orc:2    | Killed an ogre mage
  6003 | Orc:2    | Killed an ogre mage
  6003 | Orc:2    | Reached XP level 12. HP: 59/59 MP: 3/29
  6003 | Orc:2    | Received a gift from Sif Muna
  6014 | Orc:2    | Found Yhyfa's Antique Weapon Shoppe.
  6015 | Orc:2    | Killed an ogre mage
  6146 | Orc:2    | Bought a potion of beneficial mutation for 420 gold pieces
  6146 | Orc:2    | Bought a potion of resistance for 120 gold pieces
  6146 | Orc:2    | Gained mutation: Your muscles are strong. (Str +2) [potion of beneficial mutation]
  6155 | Orc:2    | Identified Sif Muna's Reference Book on Arcane Weapons and the Snowflakes (Sif Muna gifted it to you on level 2 of the Orcish Mines)
  6164 | Orc:2    | Learned a level 7 spell: Orb of Destruction
  6167 | Orc:2    | Found Uruery's Distillery.
  6169 | Orc:2    | Found Ovif's Food Shoppe.
  6169 | Orc:2    | Found Usopp's Food Boutique.
  6176 | Orc:2    | Bought a potion of heal wounds for 60 gold pieces
  6234 | Orc:2    | Found a staircase to the Elven Halls.
  6313 | Elf:1    | Entered Level 1 of the Elven Halls
  6350 | Orc:2    | Reached skill level 14 in Conjurations
  6472 | Orc:1    | Noticed an orc high priest
  6474 | Orc:1    | Noticed Fannar
  6557 | Orc:2    | Found a deep blue altar of Sif Muna.
  6616 | Orc:2    | Bought a potion of beneficial mutation for 420 gold pieces
  6616 | Orc:2    | Bought a potion of poison for 12 gold pieces
  6617 | Orc:2    | Gained mutation: You have a pair of small horns on your head. [potion of beneficial mutation]
  6633 | Orc:1    | Noticed PeterLawrence's ghost (journeyman GrFi)
  6697 | D:11     | Lost mutation: You have a pair of small horns on your head. [potion of cure mutation]
  6697 | D:11     | Lost mutation: Your muscles are strong. (Str +2) [potion of cure mutation]
  6719 | D:11     | Found Wampiz's Gadget Shop.
  6732 | D:11     | Found Vischu's Book Shop.
  6807 | Lair:1   | Entered Level 1 of the Lair of Beasts
  6825 | Lair:2   | Noticed a six-headed hydra
  6828 | Lair:2   | Killed a six-headed hydra
  6828 | Lair:2   | Reached skill level 1 in Fighting
  6842 | Lair:2   | Noticed Nergalle
  6941 | Lair:2   | Killed Nergalle
  6989 | Lair:3   | Found a staircase to the Shoals.
  7427 | Lair:6   | Learned a level 6 spell: Bolt of Fire
  7434 | Lair:5   | You fall through a shaft for 2 floors!
  7498 | Lair:6   | Noticed a six-headed hydra
  7505 | Lair:6   | Killed a six-headed hydra
  7505 | Lair:6   | Received a gift from Sif Muna
  7505 | Lair:6   | Reached XP level 13. HP: 63/66 MP: 5/32
  7506 | Lair:6   | Identified Sif Muna's Disquisition on Combat Magic and the Mountains (Sif Muna gifted it to you on level 6 of the Lair of Beasts)
  7515 | Lair:6   | Learned a level 6 spell: Iron Shot
  7665 | Lair:5   | Reached skill level 1 in Armour
  8108 | Lair:6   | Found a hole to the Spider Nest.
  8215 | Lair:6   | Learned a level 3 spell: Ignite Poison
  8218 | Spider:1 | Entered Level 1 of the Spider Nest
  8540 | Lair:6   | Reached skill level 5 in Dodging
  8540 | Lair:6   | Reached skill level 15 in Conjurations
  8955 | Lair:8   | Entered Level 8 of the Lair of Beasts
  9029 | Lair:8   | Received a gift from Sif Muna
  9029 | Lair:8   | Reached XP level 14. HP: 68/74 MP: 15/34
  9030 | Lair:8   | Identified Sif Muna's Collected Works on Congealing Battle Magic (Sif Muna gifted it to you on level 8 of the Lair of Beasts)
  9229 | Lair:8   | Reached skill level 15 in Spellcasting
  9694 | Spider:3 | Noticed a ghost moth
  9850 | Lair:5   | Found a basalt altar of Yredelemnul.
  9953 | Shoals:1 | Entered Level 1 of the Shoals
 10445 | Shoals:1 | Reached skill level 16 in Conjurations
 10479 | Shoals:1 | Found Qatwep's Magic Scroll Emporium.
 10618 | Shoals:4 | Entered Level 4 of the Shoals
 10647 | Shoals:4 | Received a gift from Sif Muna
 10717 | Shoals:4 | Got a wavering silver ring
 10720 | Shoals:4 | Identified the ring of Beauty {SustAt Str+2} (You took it off a merfolk on level 4 of the Shoals)
 10908 | Shoals:4 | Noticed Ilsuiw
 10991 | Shoals:4 | Killed from afar by a merfolk aquamancer

Dungeon Overview and Level Annotations

Branches:
Dungeon (13/15)            Temple (1/1) D:4            Lair (8/8) D:10
 Shoals (4/4) Lair:3       Spider (3/4) Lair:6          Orc (2/2) D:11
    Elf (1/3) Orc:2
  Slime: Lair:6-8    Vaults: D:13-14

Altars:
Ashenzari
Cheibriados
Elyvilon
Fedhas
Gozag
Makhleb
Okawaru
Pakellas
Qazlal
Ru
Sif Muna
Trog
Vehumet
Xom
Yredelemnul
Zin

Shops:
D:5 ?   D:9 !   D:11 (}:%   Orc:1 (   Orc:2 !!(%%

Annotations:
Shoals:4 Ilsuiw
Orc:1 Fannar; PeterLawrence's ghost, journeyman GrFi


Message History

Eat one of 3 chunks of flesh? (ye/n/q/i?) This raw flesh tastes terrible.
You continue eating. x2
The merfolk javelineer throws a silver javelin.
The silver javelin hits you!
You see here a silver javelin.
Read which item? (? for menu, Esc to quit)
As you read the scroll of fear, it crumbles to dust.
You assume a fearsome visage.
The merfolk javelineer looks frightened!
You enter the shallow water.
Moving in this stuff is going to be slow.
Unknown command.
Unknown command.
Wield which item (- for none, * to show all)? (? for menu, Esc to quit)
e - 3 potions of haste (in hand)
Your unstable footing causes you to fumble your attack.
Your unstable footing causes you to fumble your attack.
You swing at nothing.
Your unstable footing causes you to fumble your attack.
You swing at nothing.
Your unstable footing causes you to fumble your attack.
The merfolk javelineer throws a silver javelin.
The silver javelin hits you!!
You hear a splash.
The merfolk javelineer throws a silver javelin.
The silver javelin misses you.
Read which item? (? for menu, Esc to quit)
As you read the scroll of fear, it crumbles to dust.
You assume a fearsome visage.
The merfolk javelineer looks frightened!
The merfolk javelineer moans, "Oh dear!
Oh dear!"
The merfolk aquamancer shouts!
The merfolk aquamancer casts a spell at you.
The great wave of water misses you.
The wave splashes down.
You hear a screech!
You hear a shout! x2
The merfolk aquamancer gestures at you while chanting.
The great wave of water hits you!
Ouch! That really hurt!
You die...

You could see a merfolk aquamancer.

Vanquished Creatures
  3 hydras
  5 merfolk impalers (Shoals:4)
  A minotaur (Lab)
  A merfolk aquamancer (Shoals:2)
  A merfolk avatar (Shoals:2)
  Erica (D:8)
  3 ogre magi (Orc:2)
  The ghost of kae the Fencer, a novice MiFi of Makhleb (D:8)
  5 death yaks (Lair:7)
  Nergalle (Lair:2)
  Urug (D:10)
  A harpy (Shoals:4)
  Pikel (D:8)
  5 wolf spiders
  A hill giant (D:10)
  An orc sorcerer (Orc:2)
  An oklob plant (Lair:3)
  3 orb spiders
  A hornet (Spider:2)
  2 manticores
  A griffon (Lair:3)
  3 water nymphs (Shoals:1)
  11 elephants
  A black mamba (Lair:8)
  Psyche (D:9)
  7 spiny frogs
  2 demonic crawlers (Spider:1)
  2 fire drakes
  2 spriggan druids (Lair:8)
  7 komodo dragons
  11 merfolk
  4 polar bears (Lair:8)
  A troll (Orc:2)
  9 blink frogs
  14 two-headed ogres
  3 snapping turtles
  Sigmund (D:6)
  12 redbacks
  3 tarantellas
  3 wyverns
  27 yaks
  15 spriggans (Lair:8)
  A yak (shapeshifter) (D:13)
  A vampire (D:12)
  7 basilisks
  2 water elementals
  Eustachio (D:5)
  2 steam dragons
  8 hippogriffs
  Edmund (D:6)
  2 wargs (Orc:1)
  25 wolves
  9 porcupines
  14 water moccasins
  3 sky beasts
  4 wasps (Lair:8)
  11 orc warriors
  2 ice beasts
  A phantom (D:9)
  A slave (D:8)
  9 black bears
  A necrophage (D:10)
  23 ogres
  A centaur (Shoals:1)
  5 crocodiles
  14 giant frogs
  2 big kobolds
  A gnoll sergeant (D:5)
  4 scorpions
  15 killer bees
  A wight (D:5)
  3 electric eels
  2 jellies (D:8)
  2 quasits
  A wasp zombie (D:9)
  A giant frog zombie (D:6)
  2 gnoll shamans
  A hound (D:8)
  6 orc priests
  A giant frog skeleton (D:9)
  15 orc wizards
  2 iguanas
  6 hell rats (Lair:5)
  11 worker ants
  A worker ant zombie (D:7)
  Robin (D:4)
  9 gnolls
  6 adders
  33 river rats
  A shadow imp (D:8)
  An ooze (D:1)
  An adder skeleton (D:8)
  2 worms
  5 giant geckos
  47 orcs
  5 bats
  10 goblins
  8 hobgoblins
  4 jackals
  5 quokkas
  4 ball pythons
  2 giant newts
  11 kobolds
  5 rats
  A bush (Lair:7)
  4 fungi
  3 plants
572 creatures vanquished.

Vanquished Creatures (collateral kills)
  An ogre mage (Orc:2)
  A two-headed ogre (Orc:2)
  2 ogres (Orc:2)
4 creatures vanquished.

Vanquished Creatures (others)
  8 fungi
  A plant (Lair:8)
9 creatures vanquished.

Grand Total: 585 creatures vanquished

Action                   |  1- 3 |  4- 6 |  7- 9 | 10-12 | 13-15 || total
-------------------------+-------+-------+-------+-------+-------++-------
Melee: Dagger            |     2 |       |       |       |       ||     2
       Long sword        |     3 |     4 |       |       |       ||     7
       Spear             |       |     7 |    22 |    29 |       ||    58
       Flail             |       |       |     3 |     6 |       ||     9
       Staff             |       |       |       |       |     3 ||     3
 Cast: Flame Tongue      |    54 |    64 |    78 |    38 |       ||   234
       Inner Flame       |     1 |     2 |     8 |    19 |       ||    30
       Conjure Flame     |     1 |     3 |    19 |    15 |       ||    38
       Sticky Flame      |       |     3 |    11 |    35 |    33 ||    82
       Fireball          |       |       |    35 |   151 |   188 ||   374
       Delayed Fireball  |       |       |       |     1 |     3 ||     4
       Orb of Destructio |       |       |       |    10 |    18 ||    28
       Bolt of Fire      |       |       |       |     5 |    40 ||    45
       Ignite Poison     |       |       |       |       |     2 ||     2
Invok: Channel Energy    |       |       |   119 |   299 |   386 ||   804
       Forget Spell      |       |       |       |     1 |     1 ||     2
 Abil: Release Delayed F |       |       |       |     1 |     3 ||     4
Evoke: Wand              |       |       |       |     8 |     3 ||    11
  Use: Scroll            |       |    10 |     5 |    14 |    13 ||    42
       Potion            |       |     1 |       |     6 |     6 ||    13
 Stab: Sleeping          |       |     1 |       |       |       ||     1
       Paralysed         |       |       |       |    14 |       ||    14
  Eat: Chunk             |       |     4 |    21 |    62 |    81 ||   168
       Fruit             |       |       |     5 |     2 |       ||     7
       Bread ration      |       |       |     1 |     2 |       ||     3
       Meat ration       |       |       |       |     1 |       ||     1
       Beef jerky        |       |       |       |     3 |     2 ||     5
       Royal jelly       |       |       |       |       |     1 ||     1
       Pizza             |       |       |       |       |     1 ||     1

Vault maps used:
D:1:      lightli_arrival_statuegarden, hex_tiny, serial_bayou_pond_e,
          grunt_decor_fettered, hangedman_decor_slide_cut
D:2:      nicolae_ru_awakened_eye, first_bread
D:4:      nicolae_overflow_crystal_walls, minmay_temple_entry_mist,
          minmay_misc_feat_secret_circle, minmay_tree_intersection, uniq_robin
D:5:      serial_shops, kennysheep_mini, sword_in_stone, uniq_eustachio
D:6:      nicolae_tso_carved_into_rock, uniq_blork_the_orc, uniq_sigmund,
          uniq_edmund
D:7:      lemuel_doored_altar, the_bakery
D:8:      cheibriados_altar_1, grunt_temple_overflow_open, uniq_pikel,
          uniq_erica
D:9:      serial_shops, nicolae_shop_statue_plus, uniq_psyche
D:10:     dpeg_lair_monsters, uniq_urug, uniq_josephine
D:11:     orc_david_3, serial_shops, shop_statue, nicolae_shop_window_shopping,
          shop, shop
D:12:     minmay_isolated_rectangles_in_corner, lab_entry_generic
D:13:     grunt_vaults_entry_tiered, kennysheep_generic_room_12, uniq_sonja
Temple:   eino_narrow_crystal_temple_b_12
Lair:2:   uniq_nergalle
Lair:3:   minmay_shoals_entry_beasts, grunt_megastairs_1
Lair:4:   infiniplex_staircase_pool, serial_bayou_shore_b, grunt_megastairs_5,
          uniq_maud
Lair:5:   basic_altar, lemuel_fruit_fields, serial_bayou_shore_a
Lair:6:   spider_nest_entry_rubble, lemuel_fruit_fields, serial_bayou_shore_b,
          grunt_megastairs_4
Lair:7:   hangedman_lair_generics_rect
Lair:8:   minmay_lair_end_enchanted_forest, slime_dummy, minivault_27,
          columned_hall_lemuel, serial_bayou_pond_a,
          nicolae_quartered_pool_medium
Shoals:1: serial_shops, nicolae_shop_trees
Shoals:2: nicolae_shoals_c_island
Shoals:4: shoals_end_grunt_ice, shoal_ilsuiw
Orc:1:    serial_shops, shop, kennysheep_orc_chapel, uniq_fannar
Orc:2:    st_orc_ogre_mass, serial_shops, shop, led_sif_book
Elf:1:    elf_arrival_002, kennysheep_underground_church
Lab:      labyrinth_hidden_loot, nicolae_lab_starburst
